Map: Galactic Process LE

Players

NeoBlade - Winner!

  • Race: Protoss Protoss

A.I. 1 (Very Hard)

  • Race: Terran Terran

VOD

Have the link to the VOD?

Description

Time

  • Played on: Oct. 25, 2016, 6:32 p.m.
  • Length: 11:06
Show
View Real Time Build Order
Export as new Build Order

NeoBlade Protoss - Winner!

Build Orders: Double Forge, Nexus First, Zealot Archon 

Get SALT Encoding   

  12  0:01  Probe (Chrono Boost)  
  13  0:11  Probe (Chrono Boost)  
  14  0:17  Pylon  
  14  0:27  Probe (Chrono Boost)  
  15  0:38  Probe (Chrono Boost)  
  16  0:48  Probe (Chrono Boost)  
  17  1:01  Nexus, Unknown  
  17  1:05  Probe (Chrono Boost)  
  18  1:16  Probe (Chrono Boost)  
  19  1:22  Gateway  
  19  1:26  Probe (Chrono Boost)  
  20  1:36  Gateway  
  20  1:37  Probe (Chrono Boost)  
  21  1:42  Pylon  
  21  1:47  Assimilator  
  21  1:57  Probe (Chrono Boost)  
  22  2:07  Probe (Chrono Boost)  
  23  2:13  Probe (Chrono Boost), Unknown  
  24  2:18  Probe (Chrono Boost)  
  24  2:20  Zealot x2  
  25  2:25  Probe (Chrono Boost)  
  31  2:30  Probe (Chrono Boost)  
  32  2:37  Probe (Chrono Boost)  
  32  2:41  Pylon  
  32  2:42  Probe (Chrono Boost)  
  33  2:45  Zealot x2  
  33  2:49  Probe (Chrono Boost)  
  38  2:55  Probe (Chrono Boost)  
  39  3:01  Probe (Chrono Boost), Assimilator  
  39  3:03  Assimilator  
  41  3:07  Probe (Chrono Boost)  
  41  3:08  Cybernetics Core  
  42  3:14  Probe (Chrono Boost)  
  42  3:19  Probe (Chrono Boost)  
  43  3:26  Probe (Chrono Boost)  
  44  3:31  Probe (Chrono Boost)  
  45  3:35  Warp Gate  
  45  3:37  Pylon  
  45  3:38  Probe (Chrono Boost)  
  46  3:43  Probe (Chrono Boost)  
  48  3:50  Probe (Chrono Boost)  
  48  3:54  Nexus, Unknown  
  48  3:55  Probe (Chrono Boost)  
  49  3:57  Zealot, Pylon  
  49  4:00  Zealot  
  49  4:02  Probe (Chrono Boost)  
  54  4:07  Probe (Chrono Boost), Forge  
  55  4:14  Probe (Chrono Boost)  
  55  4:15  Forge  
  56  4:21  Mothership Core (Chrono Boost)  
  58  4:26  Probe (Chrono Boost)  
  58  4:29  Pylon  
  53  4:32  Gateway x2  
  53  4:38  Probe (Chrono Boost), Protoss Ground Armor Level 1, Protoss Ground Weapons Level 1  
  54  4:41  Probe (Chrono Boost)  
  54  4:45  Assimilator  
  53  4:50  Probe (Chrono Boost)  
  55  4:53  Probe (Chrono Boost)  
  55  4:58  Twilight Council  
  55  5:01  Robotics Facility  
  55  5:02  Probe (Chrono Boost), Pylon  
  55  5:05  Probe (Chrono Boost), Unknown  
  57  5:07  Probe (Chrono Boost)  
  59  5:15  Probe (Chrono Boost)  
  59  5:17  Probe (Chrono Boost)  
  59  5:18  Probe (Chrono Boost)  
  61  5:21  Zealot x2  
  61  5:27  Probe (Chrono Boost)  
  66  5:30  Pylon  
  66  5:34  Pylon  
  66  5:36  Pylon  
  66  5:37  Gateway x2  
  66  5:41  Probe x2 (Chrono Boost), Charge  
  68  5:56  Observer, Gateway x2  
  69  6:00  Probe (Chrono Boost)  
  69  6:01  Probe x2 (Chrono Boost)  
  72  6:04  Assimilator  
  72  6:11  Probe (Chrono Boost), Templar Archives  
  74  6:13  Probe x2 (Chrono Boost)  
  74  6:15  Zealot x2  
  74  6:18  Observer  
  80  6:21  Probe (Chrono Boost)  
  80  6:25  Probe x2 (Chrono Boost)  
  83  6:32  Probe (Chrono Boost)  
  84  6:37  Probe x2 (Chrono Boost)  
  84  6:39  Assimilator, Immortal  
  90  6:43  Probe (Chrono Boost)  
  90  6:45  Gateway x2  
  91  6:47  Gateway  
  91  6:49  Probe (Chrono Boost), Pylon  
  91  6:53  Pylon  
  92  6:58  High Templar, Pylon  
  92  6:59  High Templar  
  92  7:00  Gateway  
  96  7:14  Gateway  
  96  7:16  Gateway  
  96  7:17  Gateway  
  96  7:18  Pylon, Immortal  
  96  7:20  Zealot x2  
  96  7:21  High Templar x2  
  108  7:23  Protoss Ground Armor Level 2, Protoss Ground Weapons Level 2  
  108  7:26  Archon  
  108  7:27  Archon  
  108  7:35  Probe (Chrono Boost), Zealot x2  
  108  7:36  Probe x2 (Chrono Boost), Zealot x2  
  119  7:57  Observer  
  114  7:59  Probe x2 (Chrono Boost), High Templar x2, Unknown, Nexus  
  114  8:00  Probe (Chrono Boost), High Templar x2  
  114  8:01  Zealot x3  
  129  8:15  Pylon  
  129  8:17  Pylon  
  129  8:19  Immortal  
  133  8:26  Zealot  
  133  8:27  Zealot x6  
  137  8:28  Zealot  
  137  8:31  Archon x2  
  149  8:41  Zealot  
  149  8:43  Assimilator  
  149  8:45  Assimilator  
  149  8:47  High Templar  
  149  8:48  High Templar x3  
  159  8:58  Robotics Facility, Archon, Immortal  
  159  8:59  Archon, Pylon  
  163  9:05  Zealot  
  163  9:06  Zealot x4  
  173  9:10  Unknown  
  173  9:16  Pylon  
  171  9:17  Pylon  
  171  9:32  Zealot x6  
  171  9:33  Zealot x6  
  171  9:37  Immortal  
  191  9:51  Immortal  
  189  10:07  High Templar x2  
  189  10:14  Archon  
  193  10:15  High Templar x2  
  193  10:16  High Templar  
  193  10:17  Observer  
  193  10:20  Archon  
  200  10:42  Nexus, Unknown  
  200  10:54  Nexus, Unknown  
Show
View Real Time Build Order
Export as new Build Order

A.I. 1 (Very Hard) Terran 

Build Orders: Mech 

Get SALT Encoding   

  12  0:00  SCV  
  13  0:13  SCV  
  14  0:19  Supply Depot  
  14  0:25  SCV  
  15  0:40  SCV  
  16  0:42  Barracks  
  16  0:52  SCV  
  17  1:04  SCV  
  18  1:16  SCV  
  19  1:18  Supply Depot  
  19  1:22  Refinery  
  19  1:29  SCV  
  19  1:30  Marine  
  21  1:41  SCV  
  22  1:47  Marine  
  22  1:49  Refinery  
  22  1:53  SCV  
  24  2:05  SCV, Marine  
  26  2:17  SCV  
  26  2:21  Factory  
  27  2:23  Marine  
  27  2:29  SCV  
  29  2:38  Factory  
  29  2:41  SCV, Marine  
  29  2:43  Supply Depot  
  31  2:53  Orbital Command  
  31  3:05  Marine, Factory Tech Lab  
  32  3:18  SCV  
  33  3:22  Command Center, Unknown, Marine, Factory Tech Lab  
  34  3:31  SCV  
  35  3:43  SCV  
  36  3:55  SCV  
  37  4:01  Barracks  
  37  4:07  SCV  
  38  4:10  Supply Depot  
  38  4:14  Marine  
  39  4:26  SCV  
  36  4:31  Marine, Siege Tank  
  36  4:32  Siege Tank  
  36  4:33  Unknown  
  36  4:34  SCV  
  41  4:38  SCV  
  42  4:46  SCV  
  42  4:47  Marine  
  42  4:49  Marine  
  42  4:50  SCV  
  42  4:52  Supply Depot  
  46  4:58  SCV  
  47  5:03  SCV, Siege Tank  
  47  5:04  Hellion  
  47  5:05  Marine  
  54  5:07  Marine  
  55  5:20  Factory  
  55  5:21  Infernal Pre-Igniter  
  55  5:23  Marine  
  55  5:25  Command Center, Unknown, Marine, Siege Tank  
  60  5:36  Hellion  
  60  5:41  Barracks Tech Lab  
  62  5:50  Supply Depot  
  62  5:57  Hellion, Siege Tank  
  62  6:03  Hellion  
  69  6:15  Supply Depot  
  69  6:18  Siege Tank  
  69  6:25  Hellion  
  74  6:29  Hellion  
  76  6:36  Unknown  
  76  6:38  Armory  
  76  6:40  SCV  
  76  6:45  SCV  
  78  6:48  SCV  
  78  6:49  Refinery  
  78  6:54  Refinery  
  79  7:06  Marauder  
  81  7:11  SCV  
  81  7:14  Supply Depot  
  82  7:15  Command Center, Unknown  
  82  7:26  Thor  
  82  7:27  Marauder, SCV  
  91  7:40  Thor  
  96  7:46  SCV  
  96  7:48  Marauder  
  96  7:50  Supply Depot  
  99  8:02  Terran Vehicle Weapons Level 1  
  99  8:04  Armory  
  99  8:06  Orbital Command  
  99  8:10  Marauder  
  101  8:20  Command Center, Unknown  
  101  8:30  Engineering Bay  
  101  8:49  Starport  
  101  8:50  Terran Vehicle And Ship Armor Level 1  
  101  8:57  Terran Infantry Armor Level 1  
  101  9:01  Engineering Bay  
  101  9:04  Missile Turret  
  101  9:08  Missile Turret, Factory Tech Lab  
  101  9:15  Siege Tank  
  104  9:20  Supply Depot  
  104  9:25  Siege Tank  
  104  9:27  Starport Tech Lab  
  107  9:31  Unknown  
  107  9:32  SCV x2  
  107  9:33  SCV  
  107  9:34  SCV  
  111  9:39  Marine  
  111  9:42  Marine  
  111  9:44  SCV  
  81  9:48  Hellion, Raven  
  81  9:52  Hellion  
  62  9:53  SCV  
  62  9:54  SCV  
  62  9:56  SCV  
  62  9:57  SCV, Marine  
  67  10:00  Marine  
  67  10:04  Hellion  
  67  10:05  SCV  
  71  10:09  SCV x2  
  71  10:10  Hellion  
  76  10:14  Marine  
  76  10:17  SCV  
  76  10:18  Marine  
  71  10:21  SCV  
  71  10:22  SCV  
  68  10:31  SCV  
  68  10:32  Marine  
  63  10:35  Marine  
  63  10:36  SCV x2  
  47  10:44  SCV  
Tags
 
Add a new tag
Caveats
  • Supply blocks, unpowered buildings, or Contaminate may cause inaccurate times.
  • Supply counts are checked every 10 seconds.